 Dungeon Crawl Stone Soup version 0.17-a0-1295-gefc790a (webtiles) character file.

63 MonkeyBuisness the Covered (level 4, -7/29 HPs)
             Began as a Gargoyle Fighter on June 7, 2015.
             Mangled by a gnoll
             ... wielding a +0 halberd
              (9 damage)
             ... on level 2 of the Dungeon.
             The game lasted 00:03:36 (895 turns).

MonkeyBuisness the Covered (Gargoyle Fighter)        Turns: 895, Time: 00:03:36

Health: -7/29      AC: 11    Str: 26    XL:     4   Next: 9%
Magic:  4/4        EV:  8    Int:  8    God:
Gold:   88         SH:  9    Dex:  9    Spells: 0 memorised, 3 levels left

rFire  . . .     SeeInvis .     a - +0 war axe
rCold  . . .     Clarity  .     b - +0 scale mail
rNeg   + . .     SustAt   .     c - +0 shield
rPois  ∞         Gourm    .     (no helmet)
rElec  +         Spirit   .     o - +0 cloak
rCorr  .         Warding  .     (no gloves)
rMut   .         Stasis   .     (no boots)
MR     .....                    (no amulet)
Stlth  ..........               (no ring)
                                (no ring)

@: mighty, not resistant to hostile enchantments, extremely unstealthy
A: negative energy resistance 1, electricity resistance, unbreathing,
petrification resistance, rot immunity, AC +3
a: no special abilities


You were on level 2 of the Dungeon.
You were not hungry.

You visited 1 branch of the dungeon, and saw 2 of its levels.

You collected 88 gold pieces.

Inventory:

Hand weapons
 a - a +0 war axe (weapon)
Armour
 b - a +0 scale mail (worn)
 c - a +0 shield (worn)
 o - a +0 cloak (worn)
   (You found it on level 1 of the Dungeon)
Scrolls
 d - a scroll of random uselessness {unknown}
 g - a scroll of blinking {unknown}
 h - a scroll of fog {unknown}
 l - a scroll of fear {unknown}
 m - 2 scrolls of teleportation {unknown}
Potions
 f - a potion of cure mutation {unknown}
 j - a potion of haste {unknown}
 k - a potion of flight {unknown}
 n - 2 potions of brilliance {unknown}
Comestibles
 e - 2 bread rations {@e1}
 i - 2 fruits


   Skills:
 + Level 3.8 Fighting
 + Level 2.3 Axes
 + Level 3.9 Armour
 + Level 1.3 Dodging
 - Level 3.2 Shields


You had 3 spell levels left.
You didn't know any spells.

Dungeon Overview and Level Annotations

Branches:
Dungeon (2/15)

Altars:


Innate Abilities, Weirdness & Mutations

You are resistant to torment.
Your stone body is resilient (AC +3).
You are immune to poison.
You resist negative energy.
You are resistant to electric shocks.
You can survive without breathing.
You are immune to petrification.
You are immune to rotting.


Message History

You see here a stone.
The goblin unwields an uncursed hunting sling.
You block the goblin's attack.
You hit the goblin. The goblin hits you but does no damage.
The goblin hits you but does no damage.
You hit the goblin but do no damage. You block the goblin's attack.
You barely miss the goblin. You block the goblin's attack. The goblin hits you.
You take 2 damage, and have 21/24 hp.
You barely miss the goblin. The goblin hits you but does no damage.
Your shield and scale mail prevent you from hitting the goblin.
The goblin hits you but does no damage. The goblin barely misses you.
A bat comes into view.
You hit the goblin. The bat hits you but does no damage.
The goblin hits you but does no damage.
You slash the goblin!
You kill the goblin!
The bat hits you but does no damage.
You hit the bat.
You kill the bat!
No target in view!
You open the door.
There is an open door here.
Things that are here:
an uncursed hunting sling; 9 stones
There is a stone staircase leading up here.
You see here a stone.
You see here 4 stones.
Things that are here:
a club; a goblin corpse
n - 2 bubbling green potions (gained 1)
You now have 85 gold pieces (gained 10).
A goblin comes into view. It is wielding a club.
The goblin shouts!
Health restored: 24 The goblin hits you but does no damage.
You closely miss the goblin. The goblin closely misses you.
You closely miss the goblin. You block the goblin's attack.
You slash the goblin!
You kill the goblin!
No target in view!
No target in view!
Things that are here:
a club; a goblin corpse
Things that are here:
a club; a goblin corpse You now have 88 gold pieces (gained 3).
p - a potion of might A hobgoblin comes into view.
The hobgoblin shouts!
You closely miss the hobgoblin.
The hobgoblin hits you but does no damage. x2
You barely miss the hobgoblin.
The hobgoblin hits you but does no damage.
You closely miss the hobgoblin. The hobgoblin hits you.
The hobgoblin hits you but does no damage.
You take 2 damage, and have 22/24 hp.
You slash the hobgoblin!
You kill the hobgoblin!
No target in view!
No target in view!
You see here a hobgoblin corpse.
m - 2 scrolls labeled VOOCOW JEDDA (gained 1) As you open the door, it creaks loudly!
A gnoll comes into view. It is wielding an enchanted spear.
You hear a shout! x3 3 gnolls come into view.
The gnoll shouts! x3
You block the gnoll's attack.
There is an open door here.
You barely miss the gnoll.
The gnoll hits you from afar with a halberd!
The gnoll barely misses you.
You take 9 damage, and have 13/24 hp.
MASSIVE DAMAGE!!
The gnoll closely misses you.
You feel very mighty all of a sudden. The gnoll hits you but does no damage.
The gnoll hits you from afar with a halberd.
You block the gnoll's attack.
You take 4 damage, and have 9/24 hp.
You slash the gnoll!
You kill the gnoll!
You have reached level 4!
You feel stronger. The gnoll hits you but does no damage.
You block the gnoll's attack.
The giant newt appears out of thin air!
A giant newt comes into view.
The gnoll hits you from afar with an enchanted spear.
* * * LOW HITPOINT WARNING * * *
You take 2 damage, and have 7/29 hp.
MP restored: 4 You miss the giant newt.
The gnoll hits you from afar with a halberd.
* * * LOW HITPOINT WARNING * * *
You block the giant newt's attack. The gnoll closely misses you.
The giant newt bites you but does no damage.
You take 5 damage, and have 2/29 hp.
You miss the giant newt. You block the giant newt's attack.
The gnoll hits you from afar with a halberd!
You die...

#...(.....#
#.........#
#.........# #+##
#.........+ .#..
#.........# #+..#
# #.........#
....#.#
####+##.###
......#
.....#†#####g..#
#........l@.gg..#
#.......#####...#
#.......# ...#
........# g..#
........# ...#
......... ....
......#.# ####.
.....+. ..


You could see 3 gnolls and a giant newt.

Vanquished Creatures
  3 gnolls
  2 giant geckos (D:1)
  2 giant cockroaches
  4 goblins
  A hobgoblin (D:2)
  3 jackals (D:1)
  5 kobolds (D:1)
  5 bats
  2 giant newts (D:1)
  2 rats (D:1)
29 creatures vanquished.

Notes
Turn   | Place    | Note
--------------------------------------------------------------
     0 | D:1      | MonkeyBuisness the Gargoyle Fighter began the quest for the Orb.
     0 | D:1      | Reached XP level 1. HP: 14/14 MP: 1/1
    46 | D:1      | Reached skill level 2 in Axes
    46 | D:1      | Reached XP level 2. HP: 10/19 MP: 2/2
   446 | D:1      | Reached XP level 3. HP: 23/23 MP: 3/3
   509 | D:1      | Reached skill level 1 in Dodging
   892 | D:2      | Reached XP level 4. HP: 10/29 MP: 4/4
   892 | D:2      | HP: 7/29 [gnoll/enchanted spear (3)]
   894 | D:2      | HP: 2/29 [gnoll/halberd (5)]
   895 | D:2      | Mangled by a gnoll

Vault maps used:
D:1:      tarquinn_simple_flora_water_e
D:2:      first_bread, nicolae_gozag_zags_fifth_avenue

Action                   |  1- 3 |  4- 6 || total
-------------------------+-------+-------++-------
Melee: War axe           |    94 |     2 ||    96
  Use: Potion            |     2 |       ||     2

Vault maps used:
D:1:      tarquinn_simple_flora_water_e
D:2:      first_bread, nicolae_gozag_zags_fifth_avenue

Table legend:
 A = Turns spent in this place as a percentage of turns spent in the entire game.
 B = Non-inter-level travel turns spent in this place as a percentage of non-inter-level travel turns spent in the entire game.
 C = Inter-level travel turns spent in this place as a percentage of turns spent in this place.
 D = Turns resting spent in this place as a percentage of non-inter-level travel turns spent in this place.
 E = Turns spent auto-exploring this place as a percentage of non-inter-level travel turns spent in this place.
 F = Non-inter-level travel turns spent in this place divided by the number of levels of this place that you've seen.
                   A       B       C       D       E      F
               +-------+-------+-------+-------+-------+----------------------
         Total | 100.0 | 100.0 |   0.7 |   2.1 |  14.6 | 143.5
       Dungeon | 100.0 | 100.0 |   0.7 |   2.1 |  14.6 | 143.5
               +-------+-------+-------+-------+-------+----------------------

Table legend:
 A = Kills in this place as a percentage of kills in entire the game.
 B = Kills by you in this place as a percentage of kills by you in the entire game.
 C = Kills by friends in this place as a percentage of kills by friends in the entire game.
 D = Other kills in this place as a percentage of other kills in the entire game.
 E = Experience gained in this place as a percentage of experience gained in the entire game.
 F = Experience gained in this place divided by the number of levels of this place that you have seen.
                   A       B       C       D       E      F
               +-------+-------+-------+-------+-------+----------------------
         Total | 100.0 | 100.0 |  -nan |  -nan | 100.0 |  45.0
       Dungeon | 100.0 | 100.0 |  -nan |  -nan | 100.0 |  45.0
               +-------+-------+-------+-------+-------+----------------------
